 Dungeon Crawl Stone Soup version 0.26.1-11-gd32895ea62 (webtiles) character file.

Game seed: 7482917558941952930

788 Zeld the Thrower (level 7, -7/46 HPs)
             Began as an Octopode Fighter on May 17, 2021.
             Was an Initiate of Okawaru.
             Mangled by an ice beast (12 damage)
             ... on level 5 of the Dungeon.
             The game lasted 00:05:24 (7949 turns).

Zeld the Thrower (Octopode Fighter)                 Turns: 7949, Time: 00:05:24

Health: -7/46      AC:  1    Str: 18    XL:     7   Next: 87%
Magic:  7/7        EV: 11    Int: 10    God:    Okawaru [......]
Gold:   355        SH:  9    Dex: 11    Spells: 6/6 levels left

rFire    . . .     SeeInvis .   a - +0 war axe
rCold    . . .     Faith    .   b - +0 kite shield
rNeg     . . .     Spirit   .   (helmet restricted)
rPois    .         Reflect  .   (no amulet)
rElec    .         Harm     .   (no ring)
rCorr    .         Rampage  .   (no ring)
Will     .....                  (no ring)
Stlth    ++........             (no ring)
HPRegen  0.15/turn              (no ring)
MPRegen  0.10/turn              (no ring)
                                (no ring)
                                (no ring)

@: no status effects
A: almost no armour, stealthy swim, amphibious, 8 rings, constrict 8, camouflage
1, gelatinous body 1
a: Renounce Religion


You were on level 5 of the Dungeon.
You worshipped Okawaru.
Okawaru was noncommittal.
You visited 2 branches of the dungeon, and saw 6 of its levels.

You collected 355 gold pieces.

Inventory:

Hand Weapons
 a - a +0 war axe (weapon)
Missiles
 d - 34 poisoned darts
 j - 10 boomerangs (quivered)
Armour
 b - a +0 kite shield (worn)
Jewellery
 l - an uncursed ring of stealth {unknown}
 s - an uncursed amulet of the acrobat {unknown}
 y - a cursed ring of attention {unknown}
Wands
 h - a wand of polymorph (7)
 D - a wand of random effects (24)
Scrolls
 g - 2 scrolls of enchant armour {unknown}
 i - 2 scrolls of enchant weapon {unknown}
 k - a scroll of amnesia {unknown}
 n - 2 scrolls of teleportation {unknown}
 p - 2 scrolls of remove curse {unknown}
 r - a scroll of noise {unknown}
 v - 3 scrolls of identify {unknown}
 A - a scroll of fog {unknown}
 B - a scroll of random uselessness {unknown}
Potions
 c - 2 potions of might
 f - 2 potions of berserk rage
 m - 3 potions of haste
 o - a potion of attraction {unknown}
 q - a potion of degeneration {unknown}
 t - 2 potions of flight {unknown}
 u - 2 potions of magic {unknown}
 w - a potion of brilliance {unknown}
 x - a potion of resistance {unknown}
 z - 3 potions of curing {unknown}
 C - a potion of ambrosia {unknown}


   Skills:
 - Level 3.2 Fighting
 - Level 2.2 Axes
 * Level 8.1 Throwing
 - Level 3.0 Dodging
 - Level 3.2 Shields


You had 6 spell levels left.
You didn't know any spells.
Your spell library was empty.

Dungeon Overview and Level Annotations

Branches:
Dungeon (5/15)             Temple (1/1) D:4

Altars:
Ashenzari
Cheibriados
Dithmenos
Elyvilon
Fedhas
Gozag
Hepliaklqana
Kikubaaqudgha
Makhleb
Nemelex Xobeh
Okawaru
Qazlal
Ru
Sif Muna
Trog
Uskayaw
Vehumet
Wu Jian
Xom
Yredelemnul
Zin
The Shining One


Innate Abilities, Weirdness & Mutations

You cannot wear most types of armour.
You are very stealthy in the water. (Stealth+)
You are amphibious.
You can wear up to eight rings at the same time.
You can use your tentacles to constrict eight enemies at once.
Your skin changes colour to match your surroundings (Stealth+).
Your rubbery body absorbs attacks. (AC +1, EV +1)


Message History

You are too injured to fight recklessly!
You completely miss the ice beast.
The ice beast is severely wounded.
The ice beast hits you.
* * * LOW HITPOINT WARNING * * *
The ice beast freezes you.
* * * LOW HITPOINT WARNING * * *
The ice beast closely misses you.
Okay, then.
You are too injured to fight recklessly!
Throw: 10 boomerangs
Press: ? - help, Q - select action, (/) - cycle Shift-Dir - straight line, f/p - ice beast
Aim: an ice beast (severely wounded, 62% to hit)
Okay, then.
You hit the ice beast but do no damage. Your squeeze misses the ice beast.
The ice beast is severely wounded.
The ice beast hits you.
* * * LOW HITPOINT WARNING * * *
The ice beast freezes you!
You die...

##.####.#### #.# ...####.####
..# ...........# ###
.#.#.#####.# [.......##.# ##
##.#.##.##.####.# .
................# .#
...#.......##############.####
#.#####.#### #..@Y...........#
#.# #.# #.#.####...#.##. #.#
##.## #..........# #.# #...#
#...#.#...## #.# #...#
#...#.#)..# # ..# #...#
#.........######## #
..####...#####.......#.##.....#
#
.............#..#.##....#.$...#
#
..............................#
#


You could see an ice beast.

Vanquished Creatures
  2 centaurs (D:5)
  A bullfrog (D:3)
  Blork the orc (D:4)
  A hound (D:4)
  4 orc wizards (D:4)
  2 orc priests
  An iguana (D:3)
  A worker ant (D:5)
  11 adders
  3 oozes
  3 worms
  An adder skeleton (D:2)
  The ghost of Zeld the Sneak, a weakling OpBr (D:3)
  4 dart slugs
  A leopard gecko (D:2)
  24 orcs
  A ball python (D:4)
  7 bats
  5 giant cockroaches
  8 goblins
  7 hobgoblins
  3 quokkas
  4 frilled lizards
  6 kobolds
  8 rats
110 creatures vanquished.

Notes
Turn   | Place    | Note
-------+----------+-------------------------------------------
     0 | D:1      | Zeld the Octopode Fighter began the quest for the Orb.
     0 | D:1      | Reached XP level 1. HP: 16/16 MP: 1/1
    24 | D:1      | Reached XP level 2. HP: 12/21 MP: 2/2
   528 | D:2      | Reached skill level 1 in Throwing
   572 | D:3      | Reached XP level 3. HP: 24/26 MP: 3/3
   886 | D:4      | Reached skill level 2 in Throwing
   887 | D:4      | Reached XP level 4. HP: 26/31 MP: 4/4
   955 | D:4      | Reached skill level 3 in Throwing
   959 | D:4      | Reached skill level 4 in Throwing
   959 | D:4      | Reached XP level 5. HP: 24/36 MP: 5/5
  1066 | D:4      | Found a staircase to the Ecumenical Temple.
  1077 | Temple   | Entered the Ecumenical Temple
  1095 | Temple   | Became a worshipper of Warmaster Okawaru
  3587 | D:2      | Reached skill level 5 in Throwing
  3587 | D:2      | Reached XP level 6. HP: 31/42 MP: 6/6
  4416 | D:3      | HP: 3/63 [poisoned by an adder]
  5254 | D:3      | Found a runed translucent door.
  5262 | D:3      | Noticed Zeld's ghost (weakling OpBr)
  5269 | D:3      | Reached skill level 6 in Throwing
  5282 | D:3      | Killed Zeld's ghost
  5432 | D:4      | Reached XP level 7. HP: 37/46 MP: 7/7
  5919 | D:4      | Noticed Blork the orc
  5928 | D:4      | Reached skill level 7 in Throwing
  6301 | D:4      | Killed Blork the orc
  6696 | D:5      | Entered Level 5 of the Dungeon
  6918 | D:5      | Reached skill level 8 in Throwing
  7769 | D:5      | Found an ornate altar of the Wu Jian Council.
  7940 | D:5      | HP: 2/46 [ice beast (6)]
  7949 | D:5      | Mangled by an ice beast

Illustrated notes

Levels and vault maps discovered:
D:1:      minmay_arrival_open_corners, layout_basic, hangedman_feature_mirror
D:2:      cheibrodos_pilgrimage, layout_basic
D:3:      minmay_chambers_of_twos, layout_basic, ebering_ghost_sewer_d
D:4:      layout_loops_ring, minmay_temple_entry_slanted, uniq_blork_the_orc
D:5:      layout_loops_cross, kennysheep_mini, amethyst_killhole
Temple:   nicolae_temple_the_god_donut

Skill      XL: |  1  2  3  4  5  6  7 |
---------------+----------------------+-----
Throwing       | 1 2 4 5 6 8 |  8.1
Fighting       | |  3.2
Axes           | |  2.2
Dodging        | |  3.0
Shields        | |  3.2

Action                   |  1- 3 |  4- 6 |  7- 9 || total
-------------------------+-------+-------+-------++-------
Melee: War axe           |    35 |   146 |    48 ||   229
       Constrict         |    11 |    34 |    11 ||    56
       Tentacles         |     5 |    34 |    11 ||    50
Throw: Boomerang         |       |       |     1 ||     1
  Use: Potion            |       |     4 |     3 ||     7
 Stab: Sleeping          |     2 |    11 |     1 ||    14
Armor: Skin              |       |     3 |     3 ||     6
Dodge: Dodged            |    18 |    54 |    30 ||   102
Block: Kite shield       |    20 |    66 |    37 ||   123
